 Dungeon Crawl Stone Soup version 0.31-a0-426-g3a05650e59 (webtiles) character file.

Game seed: 1090524127925350192

262 night the Ruffian (level 6, -12/37 HPs)
             Began as a Gargoyle Shapeshifter on July 30, 2023.
             Mangled by an ogre
             ... wielding a +0 giant club
              (29 damage)
             ... on level 4 of the Dungeon.
             The game lasted 00:04:31 (2611 turns).

night the Ruffian (Gargoyle Shapeshifter)           Turns: 2611, Time: 00:04:32

Health: -12/37     AC: 14    Str: 21    XL:     6   Next: 18%
Magic:  6/6        EV:  6    Int:  8    God:
Gold:   64         SH:  0    Dex: 10    Spells: 5/5 levels left

rFire   . .          .
                       - Unarmed
rCold   . . .        (no shield)
rNeg    + + .        k - +0 plate armour
rPois   ∞            l - melded +1 hat
rElec   +            (cloak currently unavailable)
rCorr   .            (gloves currently unavailable)
SInv    .            (boots currently unavailable)
Will    .....        (no amulet) Stlth
                     o - ring of positive energy
HPRegen 0.26/turn    (no ring)
MPRegen 0.10/turn

%: no passive effects
@: beast-form
A: beast (slay +2), sickness immunity, AC +4, negative energy resistance 1,
electricity resistance, torment resistance 1, petrification resistance
a: Begin Untransformation


You were on level 4 of the Dungeon.
You were a hulking beast.
You visited 1 branch of the dungeon, and saw 4 of its levels.

You collected 64 gold pieces.

Inventory:

Missiles
 f - 37 stones
 i - 10 atropa-tipped darts
Armour
 a - a +0 animal skin
 k - a +0 plate armour (worn)
 l - a +1 hat (melded)
Jewellery
 o - a ring of positive energy (left hand)
Talismans
 c - a beast talisman (active)
Wands
 m - a wand of flame (17)
Scrolls
 d - 3 scrolls of poison {unknown}
 j - 2 scrolls of identify {unknown}
 n - a scroll of blinking {unknown}
 p - 3 scrolls of teleportation {unknown}
Potions
 b - 2 potions of lignification
 e - 2 potions of enlightenment {unknown}
 g - a potion of resistance {unknown}
 h - a potion of heal wounds {unknown}
 q - a potion of curing {unknown}


   Skills:
 + Level 3.3 Fighting
 - Level 1.5 Dodging
 * Level 5.2 Unarmed Combat
 + Level 3.1 Shapeshifting


You had 5 spell levels left.
You didn't know any spells.
Your spell library contained the following spells:

 Spells                   Type           Power      Damage    Failure   Level
 Portal Projectile        Hex/Tloc       0%         N/A       100%        3
 Tukima's Dance           Hex            0%         N/A       100%        3
 Iskenderun's Mystic Bla  Conj/Tloc      0%         2d3       100%        4
 Fireball                 Conj/Fire      0%         3d3       100%        5
 Iskenderun's Battlesphe  Conj           0%         2d6       100%        5
 Conjure Ball Lightning   Conj/Air       0%         3x3d6     100%        6
 Orb of Destruction       Conj           0%         9d5       100%        7


Dungeon Overview and Level Annotations

Branches:
Dungeon (4/15)
 Temple: D:4-7

Altars:
Qazlal

Shops:
D:3 =


Innate Abilities, Weirdness & Mutations

You are a hulking beast.
Your limbs bulge with bestial killing power. (Slay +2)
You are immune to sickness and miasma.
Your stone body is resilient. (AC +4)
You are immune to poison.
You resist negative energy. (rN+)
You are resistant to electric shocks. (rElec)
You are resistant to unholy torment.
You are immune to petrification.


Message History

What level of the Dungeon? (default 1, ? - help) As you open the door, it creaks loudly!
Done exploring.
(D) Dungeon
Where to? (Enter - D:4, ? - help)
There is an open door here.
There is a stone staircase leading down here.
You climb downwards.
There is a stone staircase leading up here.
An endoplasm comes into view.
Found a stone staircase leading down.
The endoplasm quivers.
The endoplasm hits you but does no damage.
You hit the endoplasm. You punch the endoplasm.
You kill the endoplasm!
No target in view!
No target in view!
No target in view!
No target in view!
No target in view!
No target in view!
No target in view!
No target in view!
An ogre comes into view. It is wielding a +0 giant club.
The ogre shouts!
Found 12 gold pieces and a scroll labelled TYPPEMIDGHOA.
You punch the ogre!
The ogre is moderately wounded.
The ogre barely misses you.
You hit the ogre.
The ogre is moderately wounded.
The ogre hits you with a +0 giant club!!
Ouch! That really hurt!
You hit the ogre.
The ogre is moderately wounded.
You hit the ogre but do no damage.
The ogre is moderately wounded.
The ogre hits you with a +0 giant club!!
Ouch! That really hurt!
You die...

#.........#
#.###.#.######.
#..............
###.#.#.######.##
.................
..............>##
######...#####.#
###...###.#
###h....# #O....#
#.....# #.....#
#.......
#.......$
#.....#..
#?....#..


You could see an ogre.

Vanquished Creatures
  2 orc priests (D:3)
  Natasha (thrice) (D:2)
  4 adders
  A worm (D:2)
  3 dart slugs
  7 orcs
  5 ball pythons
  8 endoplasms
  4 hobgoblins
  3 jackals (D:1)
  3 quokkas
  6 bats (D:1)
  5 frilled lizards
  8 goblins
  8 kobolds
  9 rats
79 creatures vanquished.

Notes
Turn   | Place    | Note
-------+----------+-------------------------------------------
     0 | D:1      | night the Gargoyle Shapeshifter began the quest for the
                  | Orb.
     0 | D:1      | Reached XP level 1. HP: 12/12 MP: 1/1
    12 | D:1      | You fall into a shaft and drop 1 floor!
   122 | D:2      | Reached XP level 2. HP: 14/16 MP: 2/2
   220 | D:2      | Noticed Natasha
   228 | D:2      | Killed Natasha
   229 | D:2      | Reached skill level 2 in Fighting
   229 | D:2      | Reached XP level 3. HP: 15/21 MP: 3/3
   656 | D:1      | Reached skill level 4 in Unarmed Combat
   658 | D:1      | Reached XP level 4. HP: 25/26 MP: 4/4
  1208 | D:2      | Noticed Natasha
  1216 | D:2      | Killed Natasha
  1240 | D:2      | Noticed Natasha
  1248 | D:2      | Killed Natasha
  1249 | D:2      | Reached XP level 5. HP: 26/31 MP: 5/5
  1603 | D:3      | Found Lyong's Jewellery Shop.
  1668 | D:3      | Reached skill level 5 in Unarmed Combat
  1735 | D:3      | Reached XP level 6. HP: 25/37 MP: 6/6
  1862 | D:3      | Found a stormy altar of Qazlal.
  2611 | D:4      | Mangled by an ogre

Illustrated notes

Levels and vault maps discovered:
D:1:      dpeg_arrival_tiny_d, layout_loops_ring
D:2:      layout_basic, serial_curves, eino_curves_02, eino_curves_04,
          uniq_natasha
D:3:      layout_loops_corners, grunt_qazlal_sundering, serial_shops,
          nicolae_shop_statue_plus
D:4:      layout_basic, kennysheep_vampire_church,
          gammafunk_ghost_abyssal_escape, minmay_unequal,
          uniq_crazy_yiuf_cottage

Skill      XL: |  1  2  3  4  5 |
---------------+----------------+-----
Fighting       | 2 3 |  3.3
Unarmed Combat | 4 5 |  5.2
Shapeshifting  | 3 |  3.1
Dodging        | |  1.5

Action                     |  1- 3 |  4- 6 || total
---------------------------+-------+-------++-------
  Melee: Unarmed           |    50 |   161 ||   211
         Punch             |     4 |     5 ||     9
Ability: Begin Untransform |       |     1 ||     1
 Armour: Animal skin       |    22 |    26 ||    48
         Plate armour      |       |    64 ||    64
  Dodge: Dodged            |    34 |    63 ||    97
   Form: Beast             |       |     1 ||     1

Table legend: (Time is in decaauts)
 A = Elapsed time spent in this place.
 B = Non-inter-level travel time spent in this place.
 C = Inter-level travel time spent in this place.
 D = Time resting spent in this place.
 E = Time spent auto-exploring this place.
 F = Levels seen in this place.
 G = Mean time per level.
                   A        B        C        D        E       F      G
               +--------+--------+--------+--------+--------+-----+--------+
         Total |   2608 |   2460 |    148 |    139 |   1884 |   4 |  652.0 |
       Dungeon |   2608 |   2460 |    148 |    139 |   1884 |   4 |  652.0 |
               +--------+--------+--------+--------+--------+-----+--------+

Top non-repeatable levels by time:
     D:3: 948 daAuts
     D:1: 928 daAuts
     D:2: 713 daAuts
     D:4: 18 daAuts
